Map: [ESL] Dragon Scales

Players

RagnaroK

  • Race: Zerg Zerg
  • Spawn Location: 5:00

herO - Winner!

  • Race: Protoss Protoss
  • Spawn Location: 11:00

VOD

https://youtu.be/UNkN_1y-qfk

Description

Time

  • Played on: July 6, 2023, 6:48 a.m.
  • Length: 10:04
Show
View Real Time Build Order
Export as new Build Order

RagnaroK Zerg 

Build Orders: Hatch First 

Get SALT Encoding   

  12  0:00  Drone  
  13  0:08  Drone  
  14  0:16  Overlord  
  14  0:40  Hatchery  
  13  0:44  Drone  
  13  0:48  Drone  
  15  0:51  Drone  
  15  0:55  Drone  
  17  1:06  Drone  
  17  1:09  Extractor  
  17  1:15  Spawning Pool  
  16  1:19  Drone  
  17  1:27  Drone  
  18  1:38  Drone  
  19  1:49  Drone  
  19  1:53  Drone  
  21  2:02  Queen  
  21  2:03  Queen  
  21  2:04  Zergling x2  
  21  2:07  Overlord  
  26  2:10  Drone  
  26  2:14  Zergling x2  
  28  2:20  Metabolic Boost  
  28  2:26  Drone x2  
  30  2:33  Drone  
  31  2:42  Hatchery  
  30  2:44  Drone  
  30  2:50  Queen  
  33  2:55  Overlord  
  33  2:58  Drone  
  33  3:01  Drone  
  33  3:02  Drone  
  36  3:14  Zergling x2  
  36  3:15  Zergling x8  
  36  3:19  Queen  
  43  3:22  Overlord  
  43  3:24  Drone  
  44  3:28  Evolution Chamber  
  43  3:35  Drone  
  43  3:39  Spore Crawler  
  43  3:41  Drone x2  
  46  3:42  Drone  
  47  3:50  Drone  
  47  3:54  Drone x4  
  49  4:00  Drone x2  
  50  4:09  Drone  
  50  4:10  Drone  
  50  4:12  Drone x3  
  50  4:15  Spore Crawler  
  52  4:19  Drone x3  
  52  4:22  Queen  
  55  4:24  Drone  
  55  4:26  Drone  
  57  4:32  Overlord  
  57  4:33  Drone, Overlord  
  57  4:43  Spore Crawler  
  57  4:44  Roach Warren  
  55  4:48  Zergling x4  
  55  4:51  Overlord  
  55  4:52  Zergling x12  
  63  4:56  Drone  
  63  4:57  Queen  
  63  4:59  Drone  
  67  5:04  Overlord  
  67  5:05  Overlord  
  67  5:09  Drone x2  
  67  5:10  Drone x2  
  67  5:12  Extractor  
  67  5:13  Drone x2  
  72  5:17  Drone, Overlord  
  73  5:21  Overlord  
  73  5:24  Drone x3  
  73  5:28  Lair  
  76  5:29  Drone  
  76  5:30  Drone  
  76  5:33  Drone  
  79  5:40  Hatchery  
  79  5:42  Queen  
  80  5:45  Drone x3  
  80  5:48  Drone x2  
  80  5:49  Drone  
  86  5:51  Extractor  
  86  5:52  Overlord  
  85  5:57  Drone x2  
  85  6:00  Overlord, Evolution Chamber  
  85  6:02  Zergling x4  
  88  6:07  Zergling x2  
  88  6:08  Zergling x4  
  88  6:10  Hatchery  
  89  6:13  Extractor, Zergling x14  
  89  6:16  Zergling x2  
  97  6:25  Zergling x6  
  97  6:30  Zergling x2  
  100  6:34  Glial Reconstitution  
  100  6:35  Zerg Melee Weapons Level 1  
  100  6:39  Roach x5  
  110  6:45  Roach x3  
  116  6:50  Overlord  
  116  6:53  Roach x2, Overseer  
  120  6:57  Roach  
  120  7:01  Roach, Overlord  
  120  7:02  Overlord x2  
  120  7:06  Zergling x2  
  120  7:10  Roach, Zergling x12  
  120  7:15  Ravager x2  
  126  7:16  Zergling x4  
  126  7:19  Overlord  
  126  7:21  Overlord  
  126  7:22  Overlord  
  128  7:27  Roach  
  128  7:30  Roach  
  128  7:31  Roach x4  
  128  7:35  Zergling x6  
  138  7:38  Roach  
  138  7:39  Roach x2  
  138  7:43  Drone  
  143  7:44  Zergling x4  
  143  7:45  Baneling Nest  
  143  7:47  Ravager  
  143  7:49  Zergling x2  
  146  7:56  Zergling x6  
  149  7:59  Overlord  
  149  8:01  Roach x2  
  149  8:02  Roach x3  
  158  8:06  Overlord  
  158  8:07  Overlord x2  
  158  8:15  Overlord  
  158  8:18  Drone x9  
  167  8:26  Roach  
  168  8:28  Centrifugal Hooks  
  168  8:31  Roach x4, Extractor  
  159  8:34  Zergling x2  
  159  8:35  Zergling x4  
  147  8:41  Zergling x14  
  147  8:46  Zergling x2  
  147  8:47  Zergling x6  
  147  8:52  Roach, Zergling x2  
  147  8:55  Roach x2  
  136  8:56  Roach x2  
  136  8:57  Roach  
  136  8:59  Roach  
  136  9:00  Roach  
  136  9:01  Drone  
  134  9:03  Drone  
  134  9:04  Drone  
  134  9:06  Drone x2  
  134  9:08  Drone  
  134  9:09  Drone  
  136  9:11  Drone x2  
  136  9:14  Drone x2  
  136  9:16  Ravager x2  
  142  9:25  Drone x3  
  142  9:26  Hydralisk Den  
  142  9:29  Roach, Spore Crawler  
  144  9:42  Drone x4  
  144  9:43  Spore Crawler  
  144  9:44  Spore Crawler  
Show
View Real Time Build Order
Export as new Build Order

herO Protoss - Winner!

Build Orders: 1 Gate Expand, Oracle Opening 

Get SALT Encoding   

  12  0:00  Probe  
  13  0:12  Probe  
  14  0:17  Pylon  
  14  0:24  Probe (Chrono Boost)  
  16  0:36  Probe (Chrono Boost)  
  16  0:39  Gateway  
  16  0:43  Probe (Chrono Boost)  
  16  0:46  Assimilator  
  17  0:50  Probe  
  18  1:03  Probe  
  19  1:12  Pylon  
  19  1:15  Probe  
  20  1:25  Nexus  
  20  1:34  Cybernetics Core  
  20  1:37  Probe  
  21  1:45  Assimilator  
  21  1:50  Probe  
  21  1:53  Pylon  
  22  2:02  Probe (Chrono Boost)  
  23  2:11  Adept  
  23  2:14  Probe (Chrono Boost)  
  26  2:16  Stargate  
  26  2:22  Probe (Chrono Boost)  
  27  2:23  Warp Gate  
  27  2:29  Probe (Chrono Boost)  
  28  2:37  Probe (Chrono Boost)  
  28  2:41  Probe (Chrono Boost), Adept  
  32  2:47  Probe (Chrono Boost)  
  32  2:48  Probe (Chrono Boost)  
  34  2:52  Probe (Chrono Boost)  
  34  2:54  Probe  
  34  2:58  Oracle (Chrono Boost)  
  36  3:03  Pylon  
  39  3:06  Probe  
  39  3:07  Probe  
  41  3:19  Probe x2, Gateway  
  43  3:26  Oracle (Chrono Boost)  
  43  3:28  Adept  
  43  3:33  Probe x2  
  48  3:52  Nexus  
  48  3:54  Pylon  
  48  3:56  Probe x2  
  48  4:00  Oracle  
  48  4:10  Assimilator  
  48  4:11  Assimilator  
  48  4:12  Adept  
  48  4:14  Probe  
  51  4:18  Adept  
  53  4:24  Probe  
  53  4:26  Probe  
  53  4:28  Twilight Council  
  55  4:34  Pylon  
  55  4:36  Adept  
  55  4:38  Probe x2  
  58  4:44  Stalker  
  61  4:46  Forge  
  61  4:51  Probe  
  61  4:52  Probe  
  63  4:59  Gateway  
  63  5:04  Probe x2 (Chrono Boost)  
  63  5:06  Probe (Chrono Boost), Blink (Chrono Boost)  
  67  5:16  Probe x2 (Chrono Boost)  
  67  5:17  Shield Battery  
  67  5:19  Probe (Chrono Boost)  
  67  5:20  Protoss Ground Weapons Level 1 (Chrono Boost)  
  67  5:21  Probe (Chrono Boost)  
  69  5:22  Probe (Chrono Boost)  
  72  5:28  Stalker  
  72  5:31  Probe (Chrono Boost)  
  72  5:32  Probe (Chrono Boost)  
  72  5:34  Stalker  
  77  5:40  Probe (Chrono Boost)  
  77  5:41  Probe (Chrono Boost)  
  77  5:42  Probe (Chrono Boost)  
  80  5:43  Pylon  
  80  5:45  Gateway  
  80  5:47  Gateway  
  80  5:52  Gateway  
  80  5:54  Probe  
  81  6:01  Stalker x2  
  81  6:02  Stalker  
  87  6:05  Pylon  
  87  6:06  Pylon  
  87  6:11  Gateway  
  87  6:24  Stalker  
  87  6:25  Stalker  
  91  6:27  Photon Cannon  
  91  6:31  Stalker  
  93  6:36  Pylon  
  93  6:38  Pylon  
  93  6:43  Stalker x2  
  97  6:48  Stalker x3  
  97  6:52  Charge (Chrono Boost)  
  105  7:00  Fleet Beacon  
  103  7:03  Stargate  
  103  7:04  Zealot  
  103  7:05  Assimilator  
  103  7:06  Assimilator  
  103  7:08  Stalker x2  
  109  7:13  Zealot x2  
  109  7:14  Zealot x2  
  117  7:18  Probe  
  117  7:22  Probe x2  
  118  7:41  Zealot x3  
  124  7:44  Protoss Ground Armor Level 1, Pylon x2  
  124  7:46  Pylon  
  124  7:47  Pylon  
  124  7:48  Pylon  
  124  7:51  Pylon  
  124  7:56  Protoss Air Weapons Level 1 (Chrono Boost)  
  124  8:04  Zealot x7  
  138  8:05  Carrier (Chrono Boost)  
  138  8:10  Carrier (Chrono Boost)  
  150  8:27  Zealot x6  
  150  8:28  Zealot  
  122  8:56  Carrier (Chrono Boost)  
  122  8:58  Probe  
  122  8:59  Carrier (Chrono Boost)  
  127  9:04  Pylon  
  119  9:10  Stalker  
  119  9:11  Stalker x5  
  131  9:17  Stalker  
  131  9:23  Nexus  
  133  9:27  Shield Battery  
  133  9:35  Stalker x3  
  139  9:43  Stalker x3  
  145  9:48  Stalker  
Tags
 
Add a new tag
Caveats
  • Supply blocks, unpowered buildings, or Contaminate may cause inaccurate times.
  • Supply counts are checked every 10 seconds.